 Dungeon Crawl Stone Soup version 0.30-a0-149-g7f746667c4 (webtiles) character file.

Game seed: 3949601693710668789

68 NinjaNoafa the Changer (level 4, -2/36 HPs)
             Began as a Draconian Transmuter on Sept 26, 2022.
             Slain by a gnoll
             ... wielding a +0 halberd
              (6 damage)
             ... on level 3 of the Dungeon.
             The game lasted 00:04:46 (2024 turns).

NinjaNoafa the Changer (Draconian Transmuter)       Turns: 2024, Time: 00:04:46

Health: -2/36      AC:  5    Str: 13    XL:     4   Next: 1%
Magic:  4/7        EV: 12    Int: 15    God:
Gold:   49         SH:  0    Dex: 11    Spells: 4/7 levels left

rFire   . . .      SeeInvis .      - Unarmed
rCold   + . .      Faith    .    (no shield)
rNeg    . . .      Spirit   .    (body armour unavailable)
rPois   .          Reflect  .    (helmet currently unavailable)
rElec   .          Harm     .    (no cloak)
rCorr   .          Rampage  .    (no gloves)
Will    .....                    (boots currently unavailable)
Stlth   +.........               (no amulet)
HPRegen 0.12/turn                k - ring of protection from cold
MPRegen 0.10/turn                (no ring)

@: appendages (expiring), wereblooded
A: horns 2, talons 2, AC +5, unfitting armour, cold-blooded
a: End Transformation


You were on level 3 of the Dungeon.
You had temporarily grown beastly horns and talons.
You visited 1 branch of the dungeon, and saw 3 of its levels.

You collected 144 gold pieces.
You spent 95 gold pieces at shops.

Inventory:

Missiles
 c - 7 stones
 l - 6 silver javelins
Jewellery
 k - a ring of protection from cold (left hand)
Scrolls
 b - 4 scrolls of identify {unknown}
 e - a scroll of vulnerability {unknown}
 h - 3 scrolls of teleportation {unknown}
 j - a scroll of brand weapon {unknown}
Potions
 a - a potion of flight {unknown}
 d - 3 potions of curing {unknown}
 f - 2 potions of heal wounds {unknown}
 g - a potion of brilliance {unknown}
 i - 2 potions of resistance {unknown}


   Skills:
 - Level 2.0 Fighting
 - Level 1.7 Dodging
 - Level 3.0 Unarmed Combat
 - Level 2.0 Spellcasting
 + Level 4.0 Transmutations


You had 4 spell levels left.
You knew the following spells:

 Your Spells              Type           Power      Damage    Failure   Level
a - Beastly Appendage     Tmut           26%        N/A       4%          1
b - Wereblood             Tmut           13%        N/A       6%          2

Your spell library contained the following spells:

 Spells                   Type           Power      Damage    Failure   Level
 Foxfire                  Conj/Fire      4%         2x1d4     22%         1
 Magic Dart               Conj           4%         1d3       22%         1
 Spider Form              Tmut/Pois      7%         N/A       28%         3
 Ice Form                 Ice/Tmut       7%         N/A       67%         4


Dungeon Overview and Level Annotations

Branches:
Dungeon (3/15)

Altars:
Ru

Shops:
D:2 *


Innate Abilities, Weirdness & Mutations

You have temporarily grown beastly horns and talons.
Your plain brown scales are hard. (AC +5)
You cannot fit into any form of body armour.
You are cold-blooded and may be slowed by cold attacks.


Message History

Your transformation is almost over.
l - 6 silver javelins Your horns disappear.
Your talons disappear.
An endoplasm comes into view.
The endoplasm quivers.
You grow a pair of large bovine horns.
Your feet morph into talons.
Casting: Beastly Appendage (safe; 4% risk of failure)
Confirm with . or Enter, or press ? or * to list all spells.
Your blood is infused with primal strength.
The endoplasm barely misses you.
You hit the endoplasm. You claw the endoplasm.
You kill the endoplasm!
You have reached level 4!
You feel stronger.
Found 6 stones.
Found two stone staircases leading down. 3 gnolls and a hobgoblin come into view.
Found a scroll labelled YDECVY WOYNG.
Found a sacrificial altar of Ru.
The gnoll shouts!
The gnoll moves out of view.
Your transformation is almost over.
The hobgoblin shouts!
The gnoll hits you with a +0 whip. The gnoll closely misses you.
The gnoll hits you with a +0 halberd!
You closely miss the gnoll. Your kick misses the gnoll. You headbutt the gnoll.
The gnoll is lightly wounded.
The gnoll hits you with a +0 whip. The gnoll barely misses you. x2
The gnoll attacks as you move away! The gnoll closely misses you.
You howl as the wereblood boils in your veins!
The gnoll hits you from afar with a +0 halberd!
You hit the gnoll.
The gnoll is moderately wounded.
The gnoll hits you with a +0 flail. The gnoll closely misses you.
The gnoll misses you.
You hit the gnoll. You claw the gnoll.
The gnoll is almost dead.
The gnoll closely misses you. The gnoll hits you with a +0 whip!
* * * LOW HITPOINT WARNING * * *
The gnoll hits you from afar with a +0 halberd.
You die...

#. ..# ##. ... ...
..# ## ###.## #.##
...> ##.....##..#..
.. #..?....#... ...
#......g#.## (...
...._..g@..#.....
#.....gg#......>.
#.......#.#......
##.....##.#######
###.####.####
.....[.....#
............#
#########...#########
##.##<.......


You could see 3 gnolls and a hobgoblin.

Vanquished Creatures
  2 adders (D:2)
  A worm (D:2)
  3 dart slugs
  4 bats
  4 endoplasms
  2 giant cockroaches
  2 goblins (D:1)
  2 hobgoblins (D:2)
  5 jackals (D:2)
  2 kobolds
  A quokka (D:2)
  6 ball pythons
  A frilled lizard (D:1)
  6 rats
41 creatures vanquished.

Notes
Turn   | Place    | Note
-------+----------+-------------------------------------------
     0 | D:1      | NinjaNoafa the Draconian Transmuter began the quest for the
                  | Orb.
     0 | D:1      | Reached XP level 1. HP: 16/16 MP: 3/3
   295 | D:1      | Reached XP level 2. HP: 23/23 MP: 3/5
   417 | D:1      | Reached skill level 3 in Transmutations
   462 | D:1      | Found a faded altar of an unknown god.
   738 | D:1      | Got Spellweaving, Part One
   870 | D:2      | Reached XP level 3. HP: 7/28 MP: 6/6
  1741 | D:2      | Reached skill level 4 in Transmutations
  1836 | D:2      | Found Ilamis's Assorted Antiques.
  1844 | D:2      | Bought a pearl ring for 95 gold pieces
  1983 | D:3      | Learned a level 2 spell: Wereblood
  2016 | D:3      | Reached XP level 4. HP: 36/36 MP: 3/7
  2017 | D:3      | Found a sacrificial altar of Ru.
  2024 | D:3      | Slain by a gnoll

Illustrated notes

Levels and vault maps discovered:
D:1:      lightli_arrival_statue_moat, layout_rooms,
          shapermc_ecumenical_altar_venn, corexii_hall_statues_x,
          minmay_misc_feat_enclosed
D:2:      layout_loops_ring, serial_glass, glass_columns_a, glass_columns_a,
          serial_shops, shop
D:3:      layout_loops_cross, slow_altar_1, old_standard_altar, uniq_natasha

Skill      XL: |  1  2  3 |
---------------+----------+-----
Transmutations | 3 4 |  4.0
Fighting       | 2 |  2.0
Dodging        | |  1.7
Unarmed Combat | |  3.0
Spellcasting   | |  2.0

Action                   |  1- 3 |  4- 6 || total
-------------------------+-------+-------++-------
Melee: Unarmed           |   107 |     3 ||   110
       Kick              |    21 |     1 ||    22
       Headbutt          |    10 |     1 ||    11
       Tailslap          |    11 |       ||    11
       Punch             |     2 |       ||     2
 Cast: Beastly Appendage |    24 |       ||    24
       Wereblood         |     1 |       ||     1
  Use: Potion            |     1 |       ||     1
 Stab: Sleeping          |     1 |       ||     1
Armor: Skin              |    71 |       ||    71
Dodge: Dodged            |    63 |     7 ||    70

Table legend: (Time is in decaauts)
 A = Elapsed time spent in this place.
 B = Non-inter-level travel time spent in this place.
 C = Inter-level travel time spent in this place.
 D = Time resting spent in this place.
 E = Time spent auto-exploring this place.
 F = Levels seen in this place.
 G = Mean time per level.
                   A        B        C        D        E       F      G
               +--------+--------+--------+--------+--------+-----+--------+
         Total |   2019 |   1972 |     47 |      0 |   1662 |   3 |  673.0 |
       Dungeon |   2019 |   1972 |     47 |      0 |   1662 |   3 |  673.0 |
               +--------+--------+--------+--------+--------+-----+--------+

Top non-repeatable levels by time:
     D:2: 1118 daAuts
     D:1: 854 daAuts
     D:3: 45 daAuts
